 Dungeon Crawl Stone Soup version 0.26.1-2-gb8aa6d0 (webtiles) character file.

Game seed: 2549179273979971937

201791 Geeful the Severer (level 18, -17/258 HPs)
             Began as a Hill Orc Abyssal Knight on June 16, 2021.
             Was the Champion of Lugonu.
             Killed from afar by Jorgrun (28 damage)
             ... with an iron shot
             ... on level 1 of the Swamp on June 20, 2021.
             The game lasted 02:26:46 (49507 turns).

Geeful the Severer (Hill Orc Abyssal Knight)       Turns: 49507, Time: 02:26:47

Health: -17/258    AC: 24    Str: 23    XL:     18   Next: 55%
Magic:  30/30      EV:  6    Int: 12    God:    Lugonu [******]
Gold:   2817       SH: 13    Dex: 10    Spells: 17/17 levels left

rFire    + . .     SeeInvis +   J - +5 war axe (flame)
rCold    . . .     Faith    .   q - +1 buckler
rNeg     . . .     Spirit   .   w - +1 plate armour {rPois}
rPois    +         Reflect  +   l - +2 hat {SInv}
rElec    .         Harm     .   m - +0 cloak
rCorr    +         Rampage  .   Y - +0 pair of gloves
Will     +....                  (no boots)
Stlth    ..........             k - amulet of reflection
HPRegen  0.53/turn              c - ring of resist corrosion
MPRegen  0.22/turn              u - ring of protection from fire

@: berserking, grasped by roots, constricted, very quick
A: no striking features
}: 1/15 runes: gossamer
a: Renounce Religion, Depart the Abyss, Bend Space, Banish, Corrupt, Enter the
Abyss, Brand Weapon With Distortion


You were on level 1 of the Swamp.
You worshipped Lugonu.
Lugonu was exalted by your worship.
You visited 5 branches of the dungeon, and saw 28 of its levels.
You visited the Abyss 1 time.
You also visited: Gauntlet and Volcano.

You collected 3197 gold pieces.
You spent 380 gold pieces at shops.

Inventory:

Hand Weapons
 J - a +5 war axe of flaming (weapon)
 P - the +8 flail of Zin's Felicitations {freeze, Str+3}
   (You found it on level 1 of the Lair of Beasts)

   It has been specially enchanted to freeze those struck by it, causing extra
   injury to most foes and up to half again as much damage against particularly
   susceptible opponents.
   It can also slow down cold-blooded creatures.
   It affects your strength (+3).
 T - a +0 broad axe
 X - a +2 executioner's axe of electrocution
Missiles
 h - a throwing net
 j - 122 poisoned darts (quivered)
 C - a curare-tipped dart
Armour
 l - a +2 hat of see invisible (worn)
 m - a +0 cloak (worn)
 p - a scarf of shadows
 q - a +1 buckler (worn)
 w - a +1 plate armour of poison resistance (worn)
 Y - a +0 pair of gloves (worn)
Jewellery
 c - a ring of resist corrosion (left hand)
 g - an uncursed ring of flight
 k - an amulet of reflection (around neck)
 t - an uncursed amulet of the acrobat
 u - a ring of protection from fire (right hand)
 M - an uncursed ring of protection from fire
 V - an uncursed ring of willpower
Wands
 b - a wand of acid (4)
 n - a wand of flame (53)
 r - a wand of disintegration (22)
 y - a wand of digging (6)
 F - a wand of enslavement (7)
 G - a wand of iceblast (7)
 K - a wand of paralysis (19)
Scrolls
 d - 15 scrolls of remove curse
 e - a scroll of blinking
 f - 2 scrolls of teleportation
 v - 2 scrolls of enchant armour
 z - a scroll of enchant weapon
 A - a scroll of magic mapping
 L - 3 scrolls of fear
 U - 6 scrolls of identify
Potions
 a - a potion of berserk rage
 i - 3 potions of curing
 o - 6 potions of attraction
 s - 4 potions of flight
 x - 3 potions of ambrosia
 H - a potion of resistance
 I - a potion of invisibility
 Q - a potion of cancellation
Miscellaneous
 N - a phantom mirror
 S - a phantom mirror


   Skills:
 + Level 18.1 Fighting
 + Level 19.2 Axes
 + Level 16.6 Armour
 - Level 5.0 Dodging
 + Level 13.6 Shields
 - Level 16.0 Invocations


You had 17 spell levels left.
You didn't know any spells.
Your spell library contained the following spells:

 Spells                   Type           Power        Failure   Level
 Corona                   Hex            0%           94%         1
 Foxfire                  Conj/Fire      0%           94%         1
 Magic Dart               Conj           0%           94%         1
 Summon Small Mammal      Summ           0%           94%         1
 Blink                    Tloc           N/A          98%         2
 Call Imp                 Summ           0%           98%         2
 Corpse Rot               Necr/Air       N/A          98%         2
 Ensorcelled Hibernation  Hex/Ice        0%           98%         2
 Searing Ray              Conj           0%           98%         2
 Slow                     Hex            0%           98%         2
 Call Canine Familiar     Summ           0%           100%        3
 Confusing Touch          Hex            0%           100%        3
 Conjure Flame            Conj/Fire      0%           100%        3
 Dazzling Flash           Conj/Hex       0%           100%        3
 Inner Flame              Hex/Fire       0%           100%        3
 Mephitic Cloud           Conj/Pois/Air  0%           100%        3
 Stone Arrow              Conj/Erth      0%           100%        3
 Summon Guardian Golem    Hex/Summ       0%           100%        3
 Tukima's Dance           Hex            0%           100%        3
 Fulminant Prism          Conj/Hex       0%           100%        4
 Ice Form                 Ice/Tmut       0%           100%        4
 Iskenderun's Mystic Bla  Conj/Tloc      0%           100%        4
 Sticky Flame             Conj/Fire      0%           100%        4
 Summon Ice Beast         Ice/Summ       0%           100%        4
 Summon Lightning Spire   Summ/Air       0%           100%        4
 Bolt of Magma            Conj/Fire/Erth 0%           100%        5
 Fireball                 Conj/Fire      0%           100%        5
 Iskenderun's Battlesphe  Conj           0%           100%        5
 Metabolic Englaciation   Hex/Ice        0%           100%        5
 Summon Forest            Summ/Tloc      0%           100%        5
 Eringya's Noxious Bog    Tmut/Pois      0%           100%        6
 Freezing Cloud           Conj/Ice/Air   0%           100%        6
 Hydra Form               Tmut           0%           100%        6
 Iron Shot                Conj/Erth      0%           100%        6
 Ozocubu's Refrigeration  Ice            0%           100%        6
 Simulacrum               Ice/Necr       0%           100%        6
 Orb of Destruction       Conj           0%           100%        7
 Spellforged Servitor     Conj/Summ      0%           100%        7
 Summon Hydra             Summ           0%           100%        7


Dungeon Overview and Level Annotations

Branches:
Dungeon (15/15)            Temple (0/1) D:4            Lair (6/6) D:8
  Swamp (1/4) Lair:3       Spider (4/4) Lair:4        Slime (0/5) Lair:5
    Orc (2/2) D:11            Elf (0/3) Orc:2        Vaults (0/5) D:13
 Depths (0/5) D:15        Volcano (visited)         Gauntlet (visited)

Altars:
Ashenzari
Cheibriados
Elyvilon
Fedhas
Gozag
Kikubaaqudgha
Okawaru
Uskayaw
Xom
Jiyva

Shops:
D:8 [   D:9 (   Orc:2 (=**!

Annotations:
D:7 exclusion: downstairs
D:8 3 runed translucent doors, JaredAshtonScott's ghost, novice HuFi
D:14 3 runed translucent doors, Zock's ghost, journeyman GnFi
Lair:5 1 runed translucent door, AmazingTV's ghost, journeyman MiBe
Swamp:1 Jorgrun
Spider:4 1 runed translucent door, corrupted, Enau's ghost, adept DEWz
Orc:2 2 runed translucent doors, Elepheyn's ghost, journeyman GrFi
Abyss:1 Frances; Joseph; Maggie


Message History

A red film seems to cover your vision as you go berserk!
You feel yourself moving faster!
You feel mighty! Jorgrun gestures at you while chanting.
The iron shot hits you!!!
* * * LOW HITPOINT WARNING * * *
x2 The grasping roots constrict you!
You barely miss Jorgrun.
Jorgrun is heavily wounded.
You completely miss Jorgrun.
Jorgrun is heavily wounded.
Jorgrun hits you with a +0 vorpal quarterstaff.
* * * LOW HITPOINT WARNING * * *
x3 The grasping roots constrict you.
You slash Jorgrun! You burn Jorgrun.
Jorgrun is severely wounded.
You closely miss Jorgrun.
Jorgrun is severely wounded.
Jorgrun points at you and mumbles some strange words.
The iron shot hits you!!
You die...

.≈≈♣♣ ♣.≈≈≈>♣ ♣♣
♣§§.♣♣♣≈≈...♣♣
≈...♣♣.≈..≈..♣ ♣♣
≈..≈♣♣.§≈.≈..♣♣ .♣
≈≈.≈..♣.≈≈≈.≈.♣ ..♣♣
...≈≈♣.≈≈.≈≈≈≈♣ ♣..≈♣♣
≈≈.♣§.≈.≈.≈≈≈.♣♣♣≈.≈..♣♣
§≈.≈≈≈§≈≈.≈≈...♣.♣≈....♣
≈..≈♣≈≈≈....§≈≈≈@g§...≈.
.≈≈≈≈≈..≈≈♣.≈≈..§†≈.§≈..
≈≈≈≈ ≈≈≈≈≈≈.≈≈≈♣.......≈
..≈≈ .≈≈..≈.≈..≈...[...≈
≈≈.♣♣.≈.≈..##+##.. ≈.≈
♣.≈≈...# . .. .......#$
.≈.≈..# .


You could see Jorgrun (corroded).

Vanquished Creatures
  Gastronok (D:12)
  Roxanne (Swamp:1)
  8 emperor scorpions
  2 ghost moths (Spider:4)
  A minotaur (Gauntlet)
  A spark wasp (Spider:4)
  3 entropy weavers
  A bunyip (Swamp:1)
  An ettin (D:15)
  A fire dragon (D:15)
  Snorg (D:12)
  Harold (D:7)
  2 vault guards (D:13)
  9 hydras
  4 boulder beetles
  5 catoblepae
  An ogre mage (D:15)
  7 centaur warriors
  An alligator (Swamp:1)
  4 two-headed ogres
  17 death yaks
  5 tengu warriors
  3 orc high priests (Orc:2)
  Urug (Lair:1)
  A sun demon (Volcano)
  A deep troll (D:15)
  A goliath frog (Swamp:1)
  4 unseen horrors
  A bog body (Swamp:1)
  A swamp dragon (Swamp:1)
  4 orc knights (Orc:2)
  A necromancer (D:15)
  2 wolf spider zombies (D:15)
  17 wolf spiders
  Pikel (D:7)
  15 ugly things
  2 deep elf magi
  6 orc sorcerers
  14 orb spiders
  2 oklob plants
  3 centaur zombies
  3 cyclopes
  3 moths of wrath
  A will-o-the-wisp (Swamp:1)
  16 elephants
  5 black mambas
  3 manticores
  A molten gargoyle (Volcano)
  3 gargoyles
  6 torpor snails
  13 cane toads
  An ice statue (D:13)
  2 centaur skeletons
  6 rime drakes
  13 komodo dragons
  3 yaktaurs (D:14)
  2 ice devils
  A redback zombie (D:15)
  16 demonic crawlers
  3 efreet (D:15)
  2 tengu conjurers
  6 red devils
  3 meliai (D:14)
  2 tyrant leeches
  5 polar bears
  A wolf spider simulacrum (D:15)
  Grinder (D:5)
  25 jumping spiders
  5 hornets
  10 trolls
  29 blink frogs
  3 slime creatures (D:15)
  3 dream sheep (Lair:6)
  A meliai zombie (D:11)
  71 redbacks
  A water elemental (D:12)
  5 wyverns
  5 wraiths
  22 tarantellas
  7 fire bats
  A basilisk (Lair:6)
  72 yaks
  3 steam dragons
  3 vampire mosquitoes (D:15)
  3 swamp worms (Swamp:1)
  A warg (Orc:2)
  A hell hound (Volcano)
  2 acid dragons (D:14)
  15 water moccasins
  2 soldier ants
  23 orc warriors
  7 phantoms
  3 sky beasts
  5 black bears
  15 ice beasts
  3 necrophages (D:7)
  10 ogres
  17 centaurs
  4 big kobolds
  23 bullfrogs
  2 elf zombies (D:9)
  8 scorpions
  2 troll zombies (D:9)
  4 killer bees (D:13)
  3 electric eels
  17 wights
  10 howler monkeys
  A jelly (D:11)
  5 bullfrog zombies
  4 lava snakes (Volcano)
  2 quasits (D:11)
  16 orc priests
  7 hounds
  4 bullfrog skeletons
  5 human zombies (D:9)
  Jessica (D:2)
  2 gnoll shamans
  10 iguanas
  Terence (D:3)
  18 orc wizards
  2 hell rats (D:8)
  7 worker ants
  An ogre zombie (D:9)
  2 hound zombies
  2 hound skeletons (D:4)
  A mummy (D:9)
  2 worker ant zombies
  Robin (D:2)
  11 gnolls
  17 adders
  A river rat (D:8)
  A shadow imp (D:9)
  7 white imps
  An ooze (D:1)
  6 ufetubi
  3 adder skeletons
  An adder zombie (D:7)
  6 worms
  6 dart slugs
  7 leopard geckos
  94 orcs
  3 ball pythons (D:1)
  9 giant cockroaches
  8 hobgoblins
  9 jackals
  19 kobolds
  3 quokkas
  10 bats
  6 frilled lizards
  10 goblins
  A leopard gecko zombie (D:5)
  21 rats
1078 creatures vanquished.

Vanquished Creatures (collateral kills)
  A yak (Lair:3)
1 creature vanquished.

Vanquished Creatures (others)
  A ghost moth (Spider:4)
  2 emperor scorpions (Spider:4)
  2 orb spiders (Spider:4)
  A demonic crawler (Spider:4)
  A polar bear (D:13)
  5 dream sheep (Lair:2)
  6 redbacks
  A tarantella (Spider:4)
  A hell hound (Volcano)
  An orc priest (Orc:2)
  An orc (D:10)
  A bush (D:7)
  3 foxfires (Swamp:1)
  27 fungi
  57 plants
110 creatures vanquished.

Grand Total: 1189 creatures vanquished

Notes
Turn   | Place    | Note
-------+----------+-------------------------------------------
     0 | Abyss:1  | Geeful the Hill Orc Abyssal Knight began the quest for the
                  | Orb.
     0 | Abyss:1  | Reached XP level 1. HP: 19/19 MP: 2/2
    27 | Abyss:1  | Noticed a small abomination
    31 | Abyss:1  | Noticed a small abomination
    37 | D:1      | Escaped the Abyss
   222 | D:1      | Reached skill level 1 in Dodging
   222 | D:1      | Reached XP level 2. HP: 25/27 MP: 3/3
   234 | D:1      | Reached * piety under Lugonu
   235 | D:1      | Reached skill level 3 in Axes
   782 | D:1      | Reached XP level 3. HP: 33/33 MP: 5/5
  1961 | D:2      | Reached XP level 4. HP: 36/40 MP: 6/6
  2445 | D:2      | Noticed Robin
  2446 | D:2      | Reached ** piety under Lugonu
  2456 | D:2      | Killed Robin
  2525 | D:2      | Reached XP level 5. HP: 30/47 MP: 7/7
  2940 | D:2      | Found a broken altar of Ashenzari.
  2952 | D:2      | Found an opulent altar of Gozag.
  2953 | D:2      | Found a white marble altar of Elyvilon.
  2953 | D:2      | Found a hide-covered altar of Uskayaw.
  3009 | D:2      | Noticed Jessica
  3027 | D:2      | Killed Jessica
  3028 | D:2      | Reached skill level 1 in Shields
  3305 | D:2      | You fall into a shaft and drop 1 floor!
  3412 | D:3      | Noticed Terence
  3424 | D:3      | Killed Terence
  4085 | D:3      | Reached XP level 6. HP: 50/53 MP: 8/8
  4360 | D:3      | Reached skill level 4 in Axes
  4718 | D:4      | Found a staircase to the Ecumenical Temple.
  4780 | D:4      | Reached *** piety under Lugonu
  4781 | D:4      | Reached XP level 7. HP: 57/60 MP: 10/10
  4976 | D:4      | Found an iron altar of Okawaru.
  5105 | D:5      | Entered Level 5 of the Dungeon
  5228 | D:5      | Reached skill level 5 in Fighting
  5433 | D:5      | Reached skill level 5 in Axes
  5708 | D:5      | Noticed Grinder
  5716 | D:5      | Killed Grinder
  5717 | D:5      | Reached skill level 5 in Invocations
  5717 | D:5      | Reached XP level 8. HP: 62/70 MP: 10/12
  6264 | D:6      | Reached skill level 6 in Axes
  6485 | D:6      | Reached skill level 5 in Armour
  7741 | D:7      | Reached XP level 9. HP: 67/78 MP: 13/13
  7831 | D:7      | Noticed Harold
  7853 | D:7      | Killed Harold
  7854 | D:7      | Reached skill level 7 in Axes
  8348 | D:7      | Noticed Pikel
  8349 | D:7      | Noticed Maggie
  8416 | D:7      | Killed Pikel
  8417 | D:7      | Reached skill level 8 in Axes
  8419 | D:7      | Reached **** piety under Lugonu
  8658 | D:7      | Banished Maggie
  8659 | D:7      | Reached XP level 10. HP: 88/88 MP: 10/16
  9194 | D:7      | Reached skill level 5 in Dodging
  9430 | D:7      | Found a blossoming altar of Fedhas.
  9658 | D:8      | Noticed a death yak
  9995 | D:8      | Noticed Joseph
  9996 | D:8      | Banished Joseph
 10062 | D:8      | Noticed a death yak
 10093 | D:7      | Banished a death yak
 10094 | D:7      | Reached skill level 9 in Axes
 10205 | D:8      | Noticed a death yak
 10812 | D:8      | Found a runed translucent gate.
 10812 | D:8      | Found a runed translucent gate.
 10812 | D:8      | Found an opulent altar of Gozag.
 10812 | D:8      | Found a runed translucent gate.
 10813 | D:8      | Noticed JaredAshtonScott's ghost (novice HuFi)
 10825 | D:8      | Found a staircase to the Lair.
 11481 | D:8      | Found Cheibriados's Comfort Zone.
 11483 | D:8      | Found a snail-covered altar of Cheibriados.
 12677 | D:9      | Reached skill level 10 in Axes
 12760 | D:9      | Reached XP level 11. HP: 65/97 MP: 18/18
 12967 | D:9      | Reached skill level 10 in Invocations
 13446 | D:9      | Found Juepor's Antique Weapon Emporium.
 13449 | D:9      | Bought a glowing war axe for 208 gold pieces
 13728 | D:9      | Found an ancient bone altar of Kikubaaqudgha.
 13931 | D:10     | Entered Level 10 of the Dungeon
 13989 | D:10     | Reached skill level 10 in Fighting
 14328 | D:10     | Reached ***** piety under Lugonu
 14550 | D:10     | Noticed a two-headed ogre
 14559 | D:10     | Killed a two-headed ogre
 14807 | D:10     | Reached skill level 11 in Axes
 15584 | D:10     | Noticed a two-headed ogre
 15588 | D:10     | Killed a two-headed ogre
 15705 | D:11     | Noticed a manticore
 15729 | D:11     | Killed a manticore
 15730 | D:11     | Reached XP level 12. HP: 83/110 MP: 20/20
 15879 | D:11     | Reached skill level 10 in Armour
 15928 | D:11     | Found a staircase to the Orcish Mines.
 16213 | D:11     | Noticed a five-headed hydra
 16220 | D:11     | Killed a three-headed hydra
 16221 | D:11     | Reached skill level 12 in Axes
 16307 | D:11     | Noticed a two-headed ogre
 16312 | D:11     | Killed a two-headed ogre
 16344 | D:11     | Reached skill level 13 in Axes
 16344 | D:11     | Reached XP level 13. HP: 118/118 MP: 20/22
 17216 | D:12     | Noticed Gastronok
 17374 | Lair:1   | Entered Level 1 of the Lair of Beasts
 17408 | Lair:1   | Found a gate leading to a gauntlet.
 17416 | Gauntlet | Entered a Gauntlet
 17416 | Gauntlet | Found a transporter.
 17429 | Gauntlet | Found a transporter.
 17430 | Gauntlet | Found a transporter.
 17431 | Gauntlet | Found a transporter.
 17442 | Gauntlet | Found a transporter.
 17443 | Gauntlet | Found a transporter.
 17454 | Gauntlet | Found a transporter.
 17457 | Gauntlet | Found a transporter.
 17457 | Gauntlet | Found a transporter.
 17460 | Gauntlet | Noticed a balrug
 17465 | Gauntlet | Found a transporter.
 17468 | Gauntlet | Found a transporter.
 17469 | Gauntlet | Found a transporter.
 17476 | Gauntlet | Found a runed translucent door.
 17478 | Gauntlet | Found a transporter.
 17527 | Gauntlet | Found a transporter.
 17741 | Gauntlet | Got a twitching bronze amulet
 17746 | Gauntlet | Identified the amulet "Juefuh" {Inacc Int+4} (You found it
                  | in a Gauntlet)
 17789 | Gauntlet | Identified the +9 falchion of the Dead {venom, Str+6}
 17789 | Gauntlet | Noticed a minotaur
 17801 | Gauntlet | Killed a minotaur
 17812 | Gauntlet | Got a translucent scale mail
 18308 | Gauntlet | Identified the +2 scale mail "Casekh" {Rampage Will- Regen+
                  | Dex+7} (You found it in a Gauntlet)
 18577 | Lair:1   | Noticed Urug
 18603 | Lair:1   | Killed Urug
 19737 | Lair:1   | Identified the +8 flail of Zin's Felicitations {freeze,
                  | Str+3} (You found it on level 1 of the Lair of Beasts)
 20172 | Lair:2   | Reached skill level 14 in Axes
 20383 | Lair:2   | Reached XP level 14. HP: 129/129 MP: 24/24
 20651 | Lair:2   | Found a shimmering altar of Xom.
 22795 | Lair:3   | Found a staircase to the Swamp.
 23377 | Lair:4   | Reached ****** piety under Lugonu
 23795 | Lair:4   | Reached skill level 15 in Axes
 24205 | Lair:4   | Reached skill level 15 in Invocations
 24529 | Lair:4   | Found a hole to the Spider Nest.
 24779 | Lair:4   | Identified the +1 ring mail of Gozag's Righteous Fury
                  | {-Cast -Tele rCorr Dex+9} (You found it on level 4 of the
                  | Lair of Beasts)
 25407 | Lair:5   | Found a viscous altar of Jiyva.
 25407 | Lair:5   | Found a staircase to the Slime Pits.
 25726 | Lair:5   | Found a runed translucent door.
 25728 | Lair:5   | Noticed AmazingTV's ghost (journeyman MiBe)
 26139 | Lair:5   | Reached XP level 15. HP: 80/139 MP: 26/26
 26320 | Lair:5   | Found a hide-covered altar of Uskayaw.
 26813 | Lair:6   | Entered Level 6 of the Lair of Beasts
 27159 | Lair:6   | Identified a scroll of acquirement
 27159 | Lair:6   | Acquired a +2 executioner's axe of electrocution
 27292 | Lair:6   | Reached skill level 15 in Fighting
 27365 | Lair:6   | Reached skill level 16 in Axes
 28274 | Lair:6   | Reached skill level 5 in Shields
 29529 | Orc:1    | Entered Level 1 of the Orcish Mines
 29563 | Orc:1    | Found a dark tunnel.
 29626 | Volcano  | Entered a volcano
 30021 | Volcano  | Found a bloodstained altar of Trog.
 30808 | Orc:2    | Entered Level 2 of the Orcish Mines
 30969 | Orc:2    | Found Jeamnolegg's Distillery.
 31151 | Orc:2    | Reached XP level 16. HP: 60/150 MP: 28/28
 31766 | Orc:2    | Paralysed by an orc sorcerer for 5 turns
 32238 | Orc:2    | Found Pylaq's Assorted Antiques.
 32238 | Orc:2    | Found Soafuz's Weapon Shoppe.
 32255 | Orc:2    | Found Fedghusot's Assorted Antiques.
 32274 | Orc:2    | Bought a scroll of enchant armour for 172 gold pieces
 32296 | Orc:2    | Found Apuanuk's Jewellery Boutique.
 32335 | Orc:2    | Found a staircase to the Elven Halls.
 32530 | Orc:2    | Found a large runed translucent door.
 32530 | Orc:2    | Found a large runed translucent door.
 32535 | Orc:2    | Noticed Elepheyn's ghost (journeyman GrFi)
 33029 | D:12     | Killed Gastronok
 33490 | D:12     | Noticed Snorg
 33528 | D:12     | Killed Snorg
 34418 | D:13     | Found a shimmering altar of Xom.
 34427 | D:13     | Reached skill level 17 in Axes
 34561 | D:13     | Noticed Frances
 34576 | D:13     | Banished Frances
 34877 | D:13     | Found a gate to the Vaults.
 36036 | D:14     | Reached skill level 10 in Shields
 36087 | D:14     | Reached skill level 15 in Armour
 36318 | D:14     | Noticed Zock's ghost (journeyman GnFi)
 36879 | D:14     | You fall into a shaft and drop 1 floor!
 36879 | D:15     | Entered Level 15 of the Dungeon
 37508 | D:14     | Found a runed translucent gate.
 37508 | D:14     | Found a runed translucent gate.
 37508 | D:14     | Found a runed translucent gate.
 37889 | D:15     | Reached XP level 17. HP: 91/159 MP: 29/29
 38269 | D:15     | Found a staircase to the Depths.
 39839 | Spider:1 | Entered Level 1 of the Spider Nest
 39922 | Spider:1 | Reached skill level 18 in Axes
 44984 | Spider:3 | Reached XP level 18. HP: 163/170 MP: 30/30
 45496 | Spider:4 | Entered Level 4 of the Spider Nest
 47595 | Spider:4 | Reached skill level 19 in Axes
 47966 | Spider:4 | Found a runed translucent door.
 47967 | Spider:4 | Found a shimmering altar of Xom.
 47967 | Spider:4 | Noticed Enau's ghost (adept DEWz)
 47968 | Spider:4 | Identified the +5 demon trident "Cookhlimn" {chaos, rF+
                  | Stlth+}
 48072 | Spider:4 | Corrupted Spider:4
 48699 | Spider:4 | Got a gossamer rune of Zot
 49111 | Swamp:1  | Entered Level 1 of the Swamp
 49285 | Swamp:1  | Noticed Roxanne
 49304 | Swamp:1  | Killed Roxanne
 49490 | Swamp:1  | Noticed Jorgrun
 49505 | Swamp:1  | HP: 10/258 [Jorgrun/+0 vorpal quarterstaff (5)]
 49507 | Swamp:1  | Killed from afar by Jorgrun

Illustrated notes

Levels and vault maps discovered:
D:1:      onia_arrival_handbag, layout_basic
D:2:      minmay_door_path, layout_basic, grunt_temple_overflow_open,
          uniq_jessica, uniq_robin
D:3:      minmay_spotlight, layout_rooms, lemuel_flame_loot_1, uniq_terence
D:4:      layout_rooms, okawaru_ov_weapons_minmay, minmay_temple_entry_glass
D:5:      layout_rooms, kennysheep_generic_room_9, uniq_grinder
D:6:      layout_loops_ring, serial_rivers, chequers_serial_rivers_marsh,
          chequers_serial_rivers_micro_a, chequers_serial_rivers_micro_b,
          chequers_serial_rivers_micro_c
D:7:      layout_basic, fedhas_altar_decomposition, uniq_pikel, uniq_maggie,
          uniq_harold
D:8:      layout_gridville, dpeg_lair_monsters, ebering_ghost_gozag,
          st_stairs_10, minmay_misc_feat_tiny, minmay_shop_chei,
          lightli_minifort, uniq_joseph
D:9:      kennysheep_blocky_hall, layout_small_grid, serial_shops,
          kennysheep_mini, lemuel_mausoleum_altar_kikubaaqudgha
D:10:     layout_roguey [special_room_orc]
D:11:     minmay_ornate_pinched, layout_gridville, orc_david_3
D:12:     layout_basic, uniq_gastronok, uniq_snorg
D:13:     layout_roguey, lightli_vaults_fourway_checkpoint, basic_altar,
          minmay_misc_feat_columns, ice2_lemuel, uniq_frances
D:14:     layout_basic, hangedman_decor_growths, gammafunk_ghost_split,
          einodemon_armed_red_devil_minivault
D:15:     hangedman_depths_entry_civil_slaughter, layout_rooms,
          minmay_misc_feat_rows
Lair:1:   cheibrodos_lair_river_kwai, layout_regular_city,
          gauntlet_entry_generic, st_stairs_12, nzn_sisyphean_effort,
          grunt_megastairs_2, uniq_urug
Lair:2:   layout_roguey, kb_xom_exploding_sheep, serial_bayou_shore_b,
          minmay_lair_oklob_chamber
Lair:3:   beast_lair_carwin_large_3, layout_chaotic_city,
          minmay_swamp_entry_worms
Lair:4:   layout_cave_pods, spider_nest_entry_webs, beast_lair_carwin_5
Lair:5:   layout_roguey, slime_altar_1, gammafunk_ghost_grave,
          lemuel_oklob_altar
Lair:6:   evilmike_catoblepas_cave, layout_long_grid, pond
Swamp:1:  layout_falls_marsh, evilmike_swamp_ruin_house_3, uniq_donald,
          uniq_jorgrun, uniq_roxanne
Spider:1: layout_chambers, drop_trap
Spider:2: layout_spider_delve
Spider:3: layout_chambers, drop_trap
Spider:4: grunt_spider_rune_circles, ebering_ghost_xom
Orc:1:    layout_caves, nicolae_volcano_entry_batcave
Orc:2:    st_orc_elflike, layout_diamond_mine, serial_shops, nicolae_shop_trees,
          ebering_ghost_disaster_area

Skill      XL: |  1  2  3  4  5  6  7  8  9 10 11 12 13 14 15 16 17 18 |
---------------+-------------------------------------------------------+-----
Dodging        | 1 2 3 4 5 |  5.0
Axes           | 3 4 5 6 8 10 11 13 14 15 16 17 18 19 | 19.2
Fighting       | 4 5 6 7 9 11 12 13 14 15 16 17 18 | 18.1
Invocations    | 3 4 5 6 8 9 11 12 14 15 16 | 16.0
Armour         | 3 4 5 6 8 9 11 12 13 14 15 16 | 16.6
Shields        | 3 4 7 10 12 13 | 13.6

Action                   |  1- 3 |  4- 6 |  7- 9 | 10-12 | 13-15 | 16-18 || total
-------------------------+-------+-------+-------+-------+-------+-------++-------
Melee: Hand axe          |   146 |   235 |    38 |       |       |       ||   419
       War axe           |       |       |   215 |   614 |  1299 |  1595 ||  3723
       Flail             |       |       |       |       |       |    10 ||    10
Throw: Dart              |       |     8 |    38 |    35 |    21 |    52 ||   154
       Throwing net      |       |       |     2 |       |       |       ||     2
Invok: Depart the Abyss  |     1 |       |       |       |       |       ||     1
       Banish            |       |       |     1 |    10 |       |     4 ||    15
       Corrupt           |       |       |       |       |       |     1 ||     1
Evoke: Wand              |       |     1 |    21 |    34 |    22 |    25 ||   103
  Use: Scroll            |     5 |     9 |     5 |    10 |    15 |     7 ||    51
       Potion            |       |       |     1 |     3 |     4 |    17 ||    25
 Stab: Held in net/web   |       |       |     2 |       |       |     1 ||     3
       Paralysed         |       |       |       |     4 |       |     2 ||     6
       Petrifying        |       |       |       |       |     1 |       ||     1
Armor: Leather armour    |    53 |    45 |       |       |       |       ||    98
       Scale mail        |       |    40 |   110 |     9 |       |       ||   159
       Plate armour      |       |       |       |   250 |   444 |   931 ||  1625
       Chain mail        |       |       |       |    22 |       |       ||    22
Dodge: Dodged            |    80 |   116 |   114 |   194 |   244 |   463 ||  1211
Block: Buckler           |       |     5 |    66 |   218 |   491 |   924 ||  1704
       Reflection        |       |       |       |     4 |    12 |    22 ||    38
